AoeStats
← Griff

Black Forest

503966748Analyzed
1v1 RM · 28d ago on Sep 3, 2026· 56m 57s· 2 players
Game mode
Random Map
Map size
Tiny (2 player)
Population
200
Speed
Normal
Resources
Standard
Victory
Conquest
Starting age
Dark Age
Ending age
Imperial Age
RankedLock teamsTeams togetherTeam positionsShared explorationLock speedFull tech treeHidden civsTurbo modeCheats
Victory
Defeat
🇩🇪 Franks · Germany
561
+15
🇦🇺 Celts · Australia
535
-21
Griff
9:19 Loom
13:31 Feudal Age
15:01 Wheelbarrow
16:11 Double-Bit Axe
18:16 Town Watch
19:39 Horse Collar
23:50 Castle Age
22:10 Gold Mining
25:17 Stone Mining
27:31 Gold Shaft Mining
29:11 Bow Saw
29:22 Pikeman
33:15 Hand Cart
35:59 Stone Shaft Mining
39:39 Forging
39:30 Scale Mail Armor
42:49 Imperial Age
43:46 Town Patrol
48:43 Heavy Plow
49:53 Iron Casting
49:35 Chain Mail Armor
55:07 Blast Furnace
54:38 Plate Mail Armor
53:37 Capped Ram
54:47 Elite Woad Raider
55:09 Halberdier
55:36 Arson
flushjack87
13:55 Feudal Age
14:24 Double-Bit Axe
21:52 Castle Age
21:35 Scale Mail Armor
21:49 Forging
22:17 Gold Mining
22:18 Stone Mining
25:04 Scale Barding Armor
32:20 Wheelbarrow
31:33 Loom
31:36 Town Watch
34:17 #83
39:28 Imperial Age
37:16 Hand Cart
37:17 Masonry
38:17 Bow Saw
39:37 Ballistics
40:15 Chain Mail Armor
40:36 Iron Casting
40:21 Chain Barding Armor
41:12 Chemistry
40:43 Architecture
40:19 Chivalry
42:17 Plate Mail Armor
41:53 Town Patrol
42:36 Elite Throwing Axeman
43:38 Conscription
44:44 Gold Shaft Mining
49:13 Plate Barding Armor
49:39 Blast Furnace
50:53 Hoardings
Connection lost

Rejoining the realm…

Still unreachable

The connection could not be restored.

Session expired

The server has moved on; the page needs a fresh start.